 Dungeon Crawl Stone Soup version 0.20.0-15-g7f486f2 (console) character file.

85 removed the Ruffian (level 4, -6/35 HPs)
             Began as a Centaur Transmuter on June 11, 2017.
             Was an Initiate of Ru.
             Mangled by an orc
             ... wielding a +0 flail
              (11 damage)
             ... on level 1 of the Dungeon.
             The game lasted 00:02:30 (2607 turns).

removed the Ruffian (Centaur Transmuter)            Turns: 2607, Time: 00:02:31

Health: -6/35      AC:  4    Str: 14    XL:     4   Next: 25%
Magic:  6/6        EV:  9    Int: 12    God:    Ru [......]
Gold:   77         SH:  0    Dex:  9    Spells: 5/6 levels left

rFire    . . .     SeeInvis .     - Unarmed
rCold    + . .     Gourm    .   (no shield)
rNeg     . . .     Faith    .   b - +0 robe
rPois    .         Spirit   .   (no helmet)
rElec    .         Reflect  .   (no cloak)
rCorr    .         Harm     .   (no gloves)
MR       .....                  (no barding)
Stlth    ..........             (no amulet)
Regen    0.2/turn               h - ring of protection from cold
MPRegen  0.1/turn               o - ring of loudness (curse)

@: very quick
A: hooves 3, deformed body, speed 2, tough skin 3
a: Renounce Religion


You were on level 1 of the Dungeon.
You worshipped Ru.
Ru was noncommittal.
You were not hungry.

You visited 1 branch of the dungeon, and saw 2 of its levels.

You collected 77 gold pieces.

Inventory:

Missiles
 a - 12 arrows
Armour
 b - a +0 robe (worn)
Jewellery
 h - a ring of protection from cold (left hand)
 o - a cursed ring of loudness (right hand)
Scrolls
 e - a scroll of enchant weapon {unknown}
 j - 2 scrolls of identify {unknown}
 m - a scroll of magic mapping {unknown}
 p - a scroll of random uselessness {unknown}
Potions
 g - a potion of curing {unknown}
 l - 3 potions of brilliance {unknown}
Books
 c - a book of Changes

   Spells                             Type                      Level
   a - Beastly Appendage              Transmutation                1
   b - Sticks to Snakes               Transmutation                2
   c - Spider Form                    Transmutation/Poison         3
   d - Ice Form                       Ice/Transmutation            4
   e - Blade Hands                    Transmutation                5
Comestibles
 d - 4 bread rations
 k - a royal jelly


   Skills:
 - Level 1.0 Fighting
 - Level 1.3 Dodging
 + Level 5.1 Unarmed Combat
 - Level 1.5 Spellcasting
 - Level 1.7 Transmutations


You had 5 spell levels left.
You knew the following spells:

 Your Spells              Type           Power        Failure   Level  Hunger
a - Beastly Appendage     Tmut           #.....       14%         1    ##.....


Dungeon Overview and Level Annotations

Branches:
Dungeon (2/15)

Altars:
Ru


Innate Abilities, Weirdness & Mutations

You have hooves in place of feet.
Armour fits poorly on your strangely shaped body.
You cover ground very quickly.
You have extremely tough skin. (AC +3)


Message History

You barely miss the orc. The orc hits you with a flail.
* * * LOW HITPOINT WARNING * * *
You barely miss the orc. You kick the orc.
The orc is lightly wounded.
The orc hits you with a flail.
* * * LOW HITPOINT WARNING * * *
Unknown command.
You see here a dagger.
Some of the chunks of flesh in your inventory have rotted away.
There is an open door here.
You open the door.
There is an open door here.
All of the chunks of flesh in your inventory have rotted away.
You start resting.
You start resting.
You closely miss the orc. Your punch misses the orc. The orc misses you.
You hit the orc. You kick the orc.
The orc is moderately wounded.
The orc hits you with a flail!
You die...

.......###........##.#..........#
.......###...............###....#
.......+.........###.#...# #.)..#
.......#####.#######)#...# #....#
####'### #.##....#.#...# #....#
.....# #.##.##.#.#...# #....#
.....#######.##.##.#.#...####+###
...................#.#...##....##
####.#######...o@.........#.#..##
#.# #..##'##..#.#.####.#..#. #.#
#.##...##.#.#.# #.#..#.
##.#######.....###.#.# #[#..#.
#......##.8...8.##.#.####.#..#.
#.....##.#..o..#.##.†........'.
#.....#...8...8...##.###..##.#.
#.....'...........+..# #..##.##
#.....#...8...8...#..# #..##.#


You could see an orc.

Vanquished Creatures
  An orc wizard (D:2)
  An adder (D:2)
  2 leopard geckos
  2 orcs (D:1)
  A giant cockroach (D:1)
  3 hobgoblins
  6 jackals
  5 kobolds
  7 bats
  7 frilled lizards
  4 goblins
  7 rats
46 creatures vanquished.

Notes
Turn   | Place    | Note
-------+----------+-------------------------------------------
     0 | D:1      | removed the Centaur Transmuter began the quest for the Orb.
     0 | D:1      | Reached XP level 1. HP: 16/16 MP: 3/3
   384 | D:1      | Reached XP level 2. HP: 20/23 MP: 4/4
   671 | D:1      | HP: 1/23 [jackal (2)]
  1012 | D:1      | Reached skill level 4 in Unarmed Combat
  1576 | D:2      | Reached XP level 3. HP: 28/28 MP: 5/5
  1662 | D:2      | Found a sacrificial altar of Ru.
  1671 | D:2      | Became a worshipper of Ru the Awakened
  2141 | D:2      | Reached skill level 5 in Unarmed Combat
  2141 | D:2      | Reached XP level 4. HP: 24/35 MP: 6/6
  2561 | D:1      | HP: 1/35 [orc/flail (1)]
  2607 | D:1      | Mangled by an orc

Skill      XL: |  1  2  3 |
---------------+----------+-----
Unarmed Combat | 4 5 |  5.1
Fighting       | |  1.0
Dodging        | |  1.3
Spellcasting   | |  1.5
Transmutations | |  1.7

Action                   |  1- 3 |  4- 6 || total
-------------------------+-------+-------++-------
Melee: Unarmed           |   164 |    21 ||   185
       Kick              |    16 |     4 ||    20
       Punch             |     3 |       ||     3
  Eat: Chunk             |     2 |     2 ||     4
Armor: Robe              |    64 |     6 ||    70
Dodge: Dodged            |    87 |    13 ||   100
